 BcadrenCrawl: Boulder Brew version 0.06-240-gf756cca71e (webtiles) character file.

Game seed: 5607820008047652238, levelgen mode: deterministic

312 gruber the Lasher (level 6, -2/76 HPs) Minotaur Berserker. Began on Aug 14, 2022. Was a Believer of Trog. Splashed by a jelly's acid (6 damage) ... on level 2 of the Dungeon. The game lasted 00:03:09 (1241 turns).

gruber the Lasher (Minotaur Berserker)              Turns: 1241, Time: 00:03:10

Health: -2/76      AC: -2    Str: 28    XL:     6 ^: 287
Magic:  5/5        EV: 13    Int:  4    God:    Trog [2* [66]]
Gold:   48         SH:  0    Dex: 13    Spells: 5/5 levels left

rFire    . . .     Slash    x   f - -1 demon whip (molten)
rCold    . . .     Pierce   .   (no weapon)
rNeg     . . .     Bludgeon .   b - +0 animal skin
rCorr    . . .     Vision   .   (helmet restricted)
rPois    .         Gourm    .   (no cloak)
rElec    .         Faith    .   g - +2 pair of gloves {Dex+3}
MR       ++...     Spirit   .   (no boots)
HPRegen  2.33/turn Reflect  .   (no amulet)
MPRegen  0.15/turn Harm     .   (no ring) Stlth ..........Rnd*Rage +
                                (no ring)

@: berserking, corroded, regenerating, very quick
A: horns, retaliatory headbutt 2, soft flesh
a: Berserk, Trog's Hand, Renounce Religion


You were on level 2 of the Dungeon.
You worshipped Trog.
Trog was pleased with you.
You were very hungry.

You visited 1 branch of the dungeon, and saw 2 of its levels.

You collected 48 gold pieces.

Inventory:

Weapons
 f - a -1 demon whip of molten steel (weapon)
Armour
 b - a +0 animal skin (worn)
 g - a +2 pair of gloves of dexterity (worn)
Scrolls
 e - 2 scrolls of fog
Potions
 a - a potion of curing
 d - a potion of heal wounds
Comestibles
 c - 4 rations


   Skills:
 - Level 3.6 Fighting
 - Level 8.1 Whips & Flails
 * Level 3.0 Armour
 + Level 2.5 Dodging


You had 5 spell levels left.
You didn't know any spells.
Your spell library was empty.

Dungeon Overview and Level Annotations

Branches:
Dungeon (2/8)

Altars:


Innate Abilities, Weirdness & Mutations

You reflexively attack those that strike you in melee with your horns.
Your soft flesh is weak to deep cuts.
Heavy manmade armour will nullify this weakness. (rSlashing-)
You frequently lose your temper in combat.
This godly rage surpasses even clarity. (*Rage)


Message History

The jelly hits you (1).
You are splashed with acid (10)!
* * * LOW HITPOINT WARNING * * *
Unknown command.
Unknown command.
A red film seems to cover your vision as you go berserk!
You feel yourself moving faster!
You feel mighty!
You are feeling hungry.
You are feeling very hungry.
The jelly hits you (3).
* * * LOW HITPOINT WARNING * * *
You are splashed with acid (7)!
* * * LOW HITPOINT WARNING * * *
Unknown command.
Unknown command.
Unknown command.
Your skin crawls.
You feel resistant to hostile enchantments.
You feel somewhat more hungry. The jelly hits you (2).
* * * LOW HITPOINT WARNING * * *
The acid corrodes you!
You are splashed with acid (6).
You die...

...##..≈≈PP .....#.≈≈PPP
#### ......≈≈P≈≈P
.≈##.≈.#####...≈##≈≈J≈≈≈
...≈..≈@##≈...J≈##≈≈≈≈≈≈
.#≈..#JF#≈.....≈##≈≈≈≈≈≈
#. #≈.J......##≈≈≈≈≈≈≈
##......###≈.†≈≈≈≈≈
##....###≈....≈≈≈≈
#≈...≈.#..#.≈≈;≈≈
#........[.≈≈≈≈≈≈
#≈.>..†.....≈≈≈≈≈
##≈......##.≈≈≈≈≈


You could see a bullfrog and 2 jellies.

Vanquished Creatures
  2 jellies (D:2)
  4 giant cockroaches (D:1)
  4 adders (D:2)
  10 sewer rats (D:2)
  4 cinder newts (D:1)
  A worm (D:1)
  A dart slug (D:1)
  2 leopard geckos (D:2)
  2 bats (D:2)
  A cinder newt skeleton (D:2)
  3 goblins (D:1)
  5 hobgoblins (D:1)
  5 kobolds (D:1)
  A quokka skeleton (D:2)
  10 rats
55 creatures vanquished.

Vanquished Creatures (others)
  2 giant cockroaches (D:1)
  A dart slug (D:1)
  3 ball pythons (D:1)
  A bat (D:1)
  2 rats (D:1)
  A slimehead (D:2)
  23 withered plants (D:2)
33 creatures vanquished.

Grand Total: 88 creatures vanquished

Notes
Turn   | Place    | Note
-------+----------+-------------------------------------------
     0 | D:1      | gruber the Minotaur Berserker began the quest for the Orb.
     0 | D:1      | Reached XP level 1. HP: 19/19 MP: 0/0
    33 | D:1      | Reached skill level 4 in Whips & Flails
    34 | D:1      | Reached XP level 2. HP: 11/26 MP: 1/1
   322 | D:1      | Reached skill level 5 in Whips & Flails
   322 | D:1      | Reached XP level 3. HP: 30/31 MP: 2/2
   475 | D:1      | Received a gift from Trog
   475 | D:1      | Reached skill level 6 in Whips & Flails
   475 | D:1      | Reached XP level 4. HP: 35/39 MP: 3/3
   582 | D:1      | Identified a scroll of acquirement
   590 | D:1      | Reached ** piety under Trog
   795 | D:1      | Identified the ring of the Fool {rElec Int+5} (You acquired
                  | it on level 1 of the Dungeon)
   795 | D:1      | Identified the +5 dire flail "Itwenna" {crush, *Noise rC+++
                  | Str+4 Dex+8} (You acquired it on level 1 of the Dungeon)
  1090 | D:2      | Reached skill level 7 in Whips & Flails
  1090 | D:2      | Reached XP level 5. HP: 45/45 MP: 4/4
  1107 | D:2      | Reached skill level 8 in Whips & Flails
  1174 | D:2      | Reached XP level 6. HP: 49/51 MP: 5/5
  1241 | D:2      | Splashed by a jelly's acid

Levels and vault maps discovered:
D:1:      mrwooster_arrival_statue, layout_basic, minmay_indecisive_spiral,
          portal_sewer_entry_a
D:2:      layout_sewer, lemuel_coloured_pillars_altar, tso_metal_star

Skill      XL: |  1  2  3  4  5  6 |
---------------+-------------------+-----
Whips & Flails | 4 5 6 7 8 |  8.1
Armour         | 3 |  3.0
Fighting       | |  3.6
Dodging        | |  2.5

Action                   |  1- 3 |  4- 6 || total
-------------------------+-------+-------++-------
Melee: Whip              |    33 |     4 ||    37
       Unarmed           |    21 |    26 ||    47
       Headbutt          |     3 |     9 ||    12
       Demon whip        |       |    46 ||    46
Invok: Berserk           |     2 |     2 ||     4
       Trog's Hand       |       |     1 ||     1
  Use: Scroll            |       |     1 ||     1
 Stab: Sleeping          |       |     1 ||     1
       Distracted        |       |     1 ||     1
  Eat: Chunk             |       |     3 ||     3
Armor: Animal skin       |     3 |    13 ||    16
Dodge: Dodged            |     7 |    15 ||    22
